 Dungeon Crawl Stone Soup version 0.24-a0-462-ge24419a6ad (webtiles) character file.

Game seed: 17827989735368551177

940 Mrkan the Ruffian (level 7, -2/62 HPs)
             Began as a Troll Hunter on July 2, 2019.
             Was a Believer of Uskayaw.
             Killed by divine providence
             ... invoked by an orc priest
              (12 damage)
             ... on level 6 of the Dungeon.
             The game lasted 00:06:20 (3754 turns).

Mrkan the Ruffian (Troll Hunter)                    Turns: 3754, Time: 00:06:21

Health: -2/62      AC:  6    Str: 21    XL:     7   Next: 88%
Magic:  3/6        EV: 10    Int:  8    God:    Uskayaw [**....]
Gold:   178        SH:  0    Dex: 11    Spells: 6/6 levels left

rFire    . . .     SeeInvis .     - Unarmed
rCold    . . .     Gourm    +   (no shield)
rNeg     . . .     Faith    .   b - +0 robe
rPois    .         Spirit   .   (helmet restricted)
rElec    .         Reflect  .   (no cloak)
rCorr    .         Harm     .   (gloves unavailable)
MR       .....                  (boots unavailable)
Stlth    +.........             (no amulet)
HPRegen  0.60/turn              (no ring)
MPRegen  0.10/turn              (no ring)

@: no status effects
A: large, unfitting armour, claws 3, fast metabolism 3, gourmand, regeneration
1, shaggy fur 1, tough skin 3
a: Stomp, Line Pass, Renounce Religion


You were on level 6 of the Dungeon.
You worshipped Uskayaw.
Uskayaw was noncommittal.
You were completely stuffed.

You visited 1 branch of the dungeon, and saw 6 of its levels.

You collected 178 gold pieces.

Inventory:

Missiles
 c - 5 large rocks (quivered)
 d - 3 throwing nets
 e - 196 stones
 s - 6 boomerangs
 x - 4 silver javelins
Armour
 b - a +0 robe (worn)
Jewellery
 m - an uncursed ring of positive energy {unknown}
 q - an uncursed ring of poison resistance {unknown}
 w - a cursed amulet of inaccuracy {unknown}
 C - a +6 ring of intelligence {unknown}
Scrolls
 g - a scroll of fear {unknown}
 i - a scroll of acquirement {unknown}
 j - 5 scrolls of identify {unknown}
 l - 2 scrolls of teleportation {unknown}
 o - 2 scrolls of remove curse {unknown}
 u - a scroll of magic mapping {unknown}
 y - a scroll of amnesia {unknown}
 z - a scroll of immolation {unknown}
 A - a scroll of random uselessness {unknown}
Potions
 a - 2 potions of heal wounds {unknown}
 h - a potion of agility {unknown}
 k - a potion of magic {unknown}
 n - a potion of haste {unknown}
 p - 2 potions of flight {unknown}
 r - a potion of degeneration {unknown}
 t - 2 potions of ambrosia {unknown}
 v - a potion of mutation {unknown}
 B - 2 potions of lignification {unknown}
 E - a potion of invisibility {unknown}
Comestibles
 f - 13 rations
 D - a chunk of flesh


   Skills:
 - Level 1.5 Fighting
 + Level 6.0 Throwing
 - Level 1.5 Dodging
 - Level 0.3 Stealth
 * Level 7.3 Unarmed Combat


You had 6 spell levels left.
You didn't know any spells.
Your spell library contained the following spells:

 Spells                   Type           Power        Failure   Level  Hunger
 Flame Tongue             Conj/Fire      #....        41%         1    ##.....
 Throw Flame              Conj/Fire      #.....       54%         2    ###....
 Conjure Flame            Conj/Fire      #.......     78%         3    ####...
 Inner Flame              Hex/Fire       #.......     78%         3    ####...
 Sticky Flame             Conj/Fire      #.......     99%         4    #####..
 Fireball                 Conj/Fire      #.........   100%        5    ######.


Dungeon Overview and Level Annotations

Branches:
Dungeon (6/15)             Temple (0/1) D:6

Altars:
Dithmenos
Uskayaw


Innate Abilities, Weirdness & Mutations

You are too large for most types of armour.
You have claws for hands.
Your metabolism is lightning-fast.
You like to eat raw meat.
Your natural rate of healing is unusually fast.
You are covered in fur. (AC +1)
You have extremely tough skin. (AC +3)


Message History

You kill the orc wizard!
Your Throwing skill increases to level 6!
The bullfrog hits you.
The orc priest mumbles some strange prayers to Beogh against you.
Beogh smites you! The orc hits you but does no damage.
The orc warrior hits you with a +0 scimitar!
* * * LOW HITPOINT WARNING * * *
You stomp with the beat, sending a shockwave through the revelers around you!
The bullfrog is moderately wounded.
The orc warrior is moderately wounded.
The orc is heavily wounded.
You feel somewhat less full.
You can no longer pass through a line of other dancers.
The bullfrog hits you.
* * * LOW HITPOINT WARNING * * *
The orc priest begins to cast a cantrip, but forgets the words!
You can now pass through a line of other dancers.
The bullfrog barely misses you.
The orc priest invokes the aid of Beogh against you.
Beogh smites you!
You die...

### # ... .#... ... #.#
##.#... ....
#####..########..#... ...
...............<.#.###.###
..........................
.........o......##.......
......)o.F@..........######
.....o...o.............)...
....=.#........###.....#...
#...#....####### #.#.#.#.#.
.#.#.....# ##.#.#...#. ..
#..#..# #......#... .
..##...# #+########. >.
....# #. #.


You could see an orc warrior, a bullfrog, an orc priest and 2 orcs.

Vanquished Creatures
  2 ogres
  A phantom (D:4)
  A centaur (D:6)
  2 scorpions
  A howler monkey (D:4)
  A bullfrog zombie (D:3)
  A crimson imp (D:5)
  3 orc priests
  2 jellies
  An orc wizard (D:6)
  A worker ant (D:5)
  6 adders
  5 gnolls
  An ooze (D:1)
  2 worms
  2 dart slugs
  2 leopard geckos
  9 orcs
  2 ball pythons
  5 bats
  5 giant cockroaches
  4 hobgoblins
  4 jackals (D:2)
  5 frilled lizards
  10 goblins
  8 kobolds
  9 rats
95 creatures vanquished.

Notes
Turn   | Place    | Note
-------+----------+-------------------------------------------
     0 | D:1      | Mrkan the Troll Hunter began the quest for the Orb.
     0 | D:1      | Reached XP level 1. HP: 19/19 MP: 0/0
    68 | D:1      | Reached skill level 1 in Unarmed Combat
    71 | D:1      | Reached XP level 2. HP: 27/27 MP: 1/1
   128 | D:1      | Reached skill level 2 in Unarmed Combat
   226 | D:1      | Reached XP level 3. HP: 30/33 MP: 2/2
   913 | D:2      | Reached skill level 3 in Unarmed Combat
   913 | D:2      | Reached XP level 4. HP: 38/41 MP: 3/3
  1737 | D:3      | Reached XP level 5. HP: 42/48 MP: 4/4
  1791 | D:3      | Reached skill level 4 in Unarmed Combat
  1905 | D:3      | Found a shadowy altar of Dithmenos.
  2447 | D:4      | Noticed a phantom
  2469 | D:4      | Killed a phantom
  2469 | D:4      | Reached XP level 6. HP: 54/55 MP: 5/5
  2635 | D:4      | Reached skill level 5 in Unarmed Combat
  2638 | D:4      | Reached skill level 5 in Throwing
  3086 | D:5      | Entered Level 5 of the Dungeon
  3195 | D:5      | Reached skill level 6 in Unarmed Combat
  3195 | D:5      | Reached XP level 7. HP: 62/62 MP: 6/6
  3508 | D:5      | Found a hide-covered altar of Uskayaw.
  3514 | D:5      | Became a worshipper of Uskayaw the Reveler
  3581 | D:5      | Reached * piety under Uskayaw
  3589 | D:5      | Reached ** piety under Uskayaw
  3683 | D:6      | Reached *** piety under Uskayaw
  3720 | D:6      | Reached skill level 7 in Unarmed Combat
  3745 | D:6      | Found a staircase to the Ecumenical Temple.
  3754 | D:6      | Killed from afar by an orc priest

Levels and vault maps discovered:
D:1:      wander_arrival_lonely_grave, layout_basic, dk_noncrumbling_3
D:2:      layout_loops_corners, kennysheep_generic_room_3
D:3:      layout_loops_ring, lemuel_coloured_pillars_altar
D:4:      layout_basic
D:5:      layout_basic, lemuel_crystal_altar, first_ration
D:6:      lemuel_insect_pit, layout_basic, slow_altar_1,
          minmay_temple_entry_mini_moons, uniq_menkaure

Skill      XL: |  1  2  3  4  5  6  7 |
---------------+----------------------+-----
Unarmed Combat | 1 2 3 4 6 7 |  7.3
Throwing       | 4 5 6 |  6.0
Fighting       | |  1.5
Dodging        | |  1.5
Stealth        | |  0.3

Action                   |  1- 3 |  4- 6 |  7- 9 || total
-------------------------+-------+-------+-------++-------
Melee: Unarmed           |    71 |   160 |    53 ||   284
       Punch             |     1 |     5 |       ||     6
Invok: Stomp             |       |       |     1 ||     1
 Stab: Sleeping          |     3 |     2 |       ||     5
       Paralysed         |       |       |     1 ||     1
  Eat: Chunk             |     5 |    28 |     7 ||    40
Armor: Robe              |    25 |    52 |    21 ||    98
Dodge: Dodged            |    27 |    82 |    35 ||   144

Table legend:
 A = Non-vault XP
 B = Vault XP
 C = Vault XP percentage of total XP
 D = Non-vault monster count
 E = Vault monster count
 F = Vault count percentage of total count
                 A         B        C        D         E       F
            +---------+---------+-------+---------+---------+-------
      Total |    1329 |      15 |   1.1 |      93 |       2 |   2.1
            +---------+---------+-------+---------+---------+-------
        D:1 |      58 |       0 |   0.0 |      25 |       0 |   0.0
        D:2 |     117 |      15 |  11.4 |      25 |       2 |   7.4
        D:3 |      77 |       0 |   0.0 |      12 |       0 |   0.0
        D:4 |     322 |       0 |   0.0 |      11 |       0 |   0.0
        D:5 |     346 |       0 |   0.0 |      11 |       0 |   0.0
        D:6 |     409 |       0 |   0.0 |       9 |       0 |   0.0
            +---------+---------+-------+---------+---------+-------
